 Dungeon Crawl Stone Soup version 0.31-a0-960-g0fca184906 (webtiles) character file.

Game seed: 11902743875011620689

16 Azuregosa the Sneak (level 2, 0/22 HPs)
             Began as an Octopode Delver on Oct 23, 2023.
             Slain by a gnoll
             ... wielding a +0 flail
              (8 damage)
             ... on level 2 of the Dungeon.
             The game lasted 00:01:05 (191 turns).

Azuregosa the Sneak (Octopode Delver)                Turns: 191, Time: 00:01:06

Health: 0/22       AC:  1    Str: 11    XL:     2   Next: 54%
Magic:  2/2        EV: 13    Int: 12    God:
Gold:   29         SH:  0    Dex: 13    Spells: 1/1 levels left

rFire   . . .        a - +0 short sword
rCold   . . .        (no shield)
rNeg    + . .        (helmet restricted)
rPois   .            (no amulet)
rElec   .            c - ring of positive energy
rCorr   .            (no ring)
SInv    .            (no ring)
Will    .....        (no ring)
Stlth   ++++         (no ring)
HPRegen 0.23/turn    (no ring)
MPRegen 0.08/turn    (no ring)
                     (no ring)

%: no passive effects
@: no status effects
A: almost no armour, amphibious, 8 rings, camouflage 1, gelatinous body 1,
(nimble swimmer 1), tentacles
a: no special abilities


You were on level 2 of the Dungeon.
You visited 1 branch of the dungeon, and saw 4 of its levels.

You collected 29 gold pieces.

Inventory:

Hand Weapons
 a - a +0 short sword (weapon)
Jewellery
 c - a ring of positive energy (left tentacle)
Wands
 f - a wand of digging (3)
Scrolls
 b - a scroll of fog
 d - a scroll of fear
 i - a scroll of teleportation {unknown}
Potions
 e - a potion of haste
 g - 2 potions of lignification {unknown}
 h - a potion of mutation {unknown}


   Skills:
 + Level 3.8 Fighting
 - Level 2.0 Short Blades
 - Level 2.0 Dodging
 - Level 6.6 Stealth


You had one spell level left.
You didn't know any spells.
Your spell library was empty.

Dungeon Overview and Level Annotations

Branches:
Dungeon (5/15)
 Temple: D:4-7

Altars:


Innate Abilities, Weirdness & Mutations

You cannot wear most types of armour.
You are amphibious.
You can wear up to eight rings at the same time.
Your skin changes colour to match your surroundings (Stealth+).
Your rubbery body absorbs attacks. (AC +1, EV +1)
((You are camouflaged when in or above water. (Stealth+)))
You have tentacles for arms and can constrict up to eight enemies at once.


Message History

The gnoll shouts!
A gnoll comes into view. It is wielding a +0 spear.
A gnoll comes into view. It is wielding a +0 flail.
The goblin barely misses you.
You hit the goblin. You grab the goblin. You squeeze the goblin.
You kill the goblin!
The gnoll completely misses you. The gnoll closely misses you.
Things that are here:
a +0 dagger; a goblin corpse You closely miss the gnoll.
You grab the gnoll. You squeeze the gnoll.
The gnoll is moderately wounded.
You constrict the gnoll. The gnoll barely misses you.
You hit the gnoll but do no damage.
The gnoll is moderately wounded.
You constrict the gnoll, but do no damage.
The gnoll hits you with a +0 spear!
Ouch! That really hurt!
The gnoll barely misses you.
You hit the gnoll.
The gnoll is heavily wounded.
You constrict the gnoll. The gnoll barely misses you.
The gnoll closely misses you.
You hit the gnoll.
You kill the gnoll!
The gnoll barely misses you.
You have reached level 2!
You barely miss the gnoll. Your grab misses the gnoll.
Your squeeze misses the gnoll. You hit the gnoll but do no damage.
You grab the gnoll. You constrict the gnoll.
The gnoll hits you with a +0 flail.
You hit the gnoll.
The gnoll is moderately wounded.
You constrict the gnoll, but do no damage.
The gnoll barely misses you.
You hit the gnoll.
The gnoll is severely wounded.
You constrict the gnoll, but do no damage.
The gnoll hits you with a +0 flail!
You die...

######.###.#.###..!
....##.###.#.......
#......#.....###.
#.#.####.#.#..#.. #.#.#
#.#.#..#.# #.#.# #
#.#..#.# .†#.# #.#..#.#
#
..#.####.#.#..#.###..#.#
................@)..>...
..######.#.......g...#.#
........ #...........#
.####### ###########.#
........ ........# #
.####### #.......# .#
#.......# .#
####.......# .#
#..........#


You could see a gnoll.

Vanquished Creatures
  A gnoll (D:2)
  An endoplasm (D:2)
  A giant cockroach (D:2)
  A goblin (D:2)
  A ball python (D:2)
  A bat (D:2)
  A frilled lizard (D:3)
7 creatures vanquished.

Notes
Turn   | Place    | Note
-------+----------+-------------------------------------------
     0 | D:5      | Azuregosa the Octopode Delver began the quest for the Orb.
     0 | D:5      | Reached XP level 1. HP: 16/16 MP: 1/1
    59 | D:3      | Noticed an orc wizard
   188 | D:2      | Reached XP level 2. HP: 12/22 MP: 2/2
   191 | D:2      | Slain by a gnoll

Illustrated notes

Levels and vault maps discovered:
D:2:      layout_basic
D:3:      layout_basic, uniq_sigmund, uniq_pargi
D:4:      layout_loops_corners, minmay_temple_entry_stoned_glass
D:5:      layout_rooms, nicolae_uskayaw_dance_hall,
          mainiacjoe_overflow_brackets, serial_shops, shop,
          kennysheep_small_square

Action                     || total
---------------------------++-------
  Melee: Short sword       ||    15
         Tentacles         ||     5
         Constrict         ||     4
    Use: Scroll            ||     1
   Stab: Sleeping          ||     3
 Armour: Skin              ||     3
  Dodge: Dodged            ||    11

Table legend: (Time is in decaauts)
 A = Elapsed time spent in this place.
 B = Non-inter-level travel time spent in this place.
 C = Inter-level travel time spent in this place.
 D = Time resting spent in this place.
 E = Time spent auto-exploring this place.
 F = Levels seen in this place.
 G = Mean time per level.
                   A        B        C        D        E       F      G
               +--------+--------+--------+--------+--------+-----+--------+
         Total |    188 |    188 |      0 |      0 |     99 |   4 |   47.0 |
       Dungeon |    188 |    188 |      0 |      0 |     99 |   4 |   47.0 |
               +--------+--------+--------+--------+--------+-----+--------+

Top non-repeatable levels by time:
     D:2: 126 daAuts
     D:3: 36 daAuts
     D:5: 18 daAuts
     D:4: 7 daAuts
